 Dungeon Crawl Stone Soup version 0.21.0-3-g78d12a8 (console) character file.

281 ahub the Ducker (level 6, 0/32 HPs)
             Began as a Spriggan Monk on Jan 11, 2018.
             Was a Believer of Okawaru.
             Succumbed to an orc's poison
             ... on level 5 of the Dungeon.
             The game lasted 00:06:12 (3624 turns).

ahub the Ducker (Spriggan Monk)                     Turns: 3624, Time: 00:06:13

Health: 0/32       AC:  3    Str:  9    XL:     6   Next: 6%
Magic:  7/7        EV: 22    Int: 12    God:    Okawaru [**....]
Gold:   150        SH:  0    Dex: 20    Spells: 5/5 levels left

rFire    . . .     SeeInvis +   a - +0 short sword
rCold    . . .     Gourm    .   (shield restricted)
rNeg     . . .     Faith    .   b - +0 robe
rPois    .         Spirit   .   (helmet restricted)
rElec    +         Reflect  .   m - +0 cloak
rCorr    .         Harm     .   (gloves unavailable)
MR       +....                  (boots unavailable)
Stlth    +++.......             (no amulet)
HPRegen  0.10/turn              (no ring)
MPRegen  0.10/turn              (no ring)

@: lethally poisoned (0 -> -2), very quick
A: very small, unfitting armour, claws 1, see invisible, herbivore, speed 3,
electricity resistance, slow metabolism 2, strong 1, MP-powered wands
a: Heroism, Renounce Religion


You were on level 5 of the Dungeon.
You worshipped Okawaru.
Okawaru was pleased with you.
You were not hungry.

You visited 1 branch of the dungeon, and saw 5 of its levels.

You collected 150 gold pieces.

Inventory:

Hand Weapons
 a - a +0 short sword (weapon)
Armour
 b - a +0 robe (worn)
 m - a +0 cloak (worn)
Scrolls
 d - 3 scrolls of noise {unknown}
 e - 4 scrolls of identify {unknown}
 f - 2 scrolls of teleportation {unknown}
 g - a scroll of magic mapping {unknown}
 i - a scroll of remove curse {unknown}
 k - 2 scrolls of fog {unknown}
 l - a scroll of random uselessness {unknown}
 n - a scroll of enchant weapon {unknown}
Potions
 j - a potion of invisibility
Comestibles
 c - 4 rations


   Skills:
 + Level 3.4 Fighting
 + Level 4.6 Short Blades
 + Level 6.2 Dodging
 + Level 5.6 Stealth


You had 5 spell levels left.
You didn't know any spells.

Dungeon Overview and Level Annotations

Branches:
Dungeon (5/15)             Temple (0/1) D:5

Altars:
Okawaru
Vehumet
Yredelemnul

Annotations:
D:3 Grinder


Innate Abilities, Weirdness & Mutations

You are very small and have problems with some larger weapons.
You are too small for most types of armour.
You have supernaturally acute eyesight. (SInv)
You are a herbivore.
You cover ground extremely quickly.
You need consume almost no food.
You have sharp fingernails.
You are resistant to electric shocks. (rElec)
Your muscles are strong. (Str +2)
You expend magic power (3 MP) to strengthen your wands.


Message History

You feel sick.
* * * LOW HITPOINT WARNING * * *
You feel sick.
* * * LOW HITPOINT WARNING * * *
You feel sick.
You feel like a meek peon again.
* * * LOW HITPOINT WARNING * * *
You feel sick.
Found a basalt altar of Yredelemnul.
* * * LOW HITPOINT WARNING * * *
You feel sick.
There is a basalt altar of Yredelemnul here.
You kneel at the altar of Yredelemnul.
There is a lethal amount of poison in your body!
There is a lethal amount of poison in your body!
There is a lethal amount of poison in your body!
There is a lethal amount of poison in your body!
* * * LOW HITPOINT WARNING * * *
You feel sick.
You die...

♣♣♣♣♣# #♣♣♣....♣♣# .#
♣♣.........♣♣ .#
♣...........♣# (.
♣............♣ .#
♣............♣# .#
♣.._..♣♣♣♣♣♣..♣#.#
#♣⌠.⌠♣# #♣..#.# #♣♣♣#
#♣.@.# #...# #...#
#...# #...# #.#.#
###..<#####.## ##
####...#.........
.######..............##
........#############
##.####..#


There were no monsters in sight!

Vanquished Creatures
  2 hounds (D:5)
  A worker ant (D:5)
  Natasha (thrice) (D:2 D:3)
  4 adders
  A howler monkey skeleton (D:4)
  A shadow imp (D:5)
  2 oozes
  2 worms (D:2)
  3 orcs
  A ball python (D:2)
  4 bats (D:2)
  3 giant cockroaches
  4 goblins
  3 hobgoblins (D:1)
  3 jackals (D:4)
  5 kobolds
  2 quokkas (D:2)
  8 frilled lizards
  A leopard gecko skeleton (D:4)
  6 rats
59 creatures vanquished.

Notes
Turn   | Place    | Note
-------+----------+-------------------------------------------
     0 | D:1      | ahub the Spriggan Monk began the quest for the Orb.
     0 | D:1      | Reached XP level 1. HP: 11/11 MP: 2/2
   214 | D:1      | Reached XP level 2. HP: 14/16 MP: 3/3
  1031 | D:2      | Reached XP level 3. HP: 8/19 MP: 4/4
  1331 | D:2      | Reached skill level 5 in Dodging
  1590 | D:2      | Noticed Natasha
  1596 | D:2      | Killed Natasha
  1596 | D:2      | Reached XP level 4. HP: 23/23 MP: 5/5
  1983 | D:2      | Noticed Natasha
  1993 | D:2      | Killed Natasha
  2065 | D:3      | Noticed Natasha
  2079 | D:3      | HP: 1/24 [Natasha (5)]
  2081 | D:3      | Killed Natasha
  2081 | D:3      | Reached skill level 5 in Stealth
  2081 | D:3      | Reached XP level 5. HP: 2/28 MP: 6/6
  2087 | D:3      | Noticed Grinder
  2631 | D:4      | Found an iron altar of Okawaru.
  2965 | D:4      | Became a worshipper of Warmaster Okawaru
  2965 | D:4      | Reached * piety under Okawaru
  2965 | D:4      | Reached ** piety under Okawaru
  3242 | D:5      | Entered Level 5 of the Dungeon
  3254 | D:5      | Found a radiant altar of Vehumet.
  3276 | D:5      | Found a staircase to the Ecumenical Temple.
  3297 | D:5      | Reached skill level 6 in Dodging
  3333 | D:5      | Reached XP level 6. HP: 16/32 MP: 7/7
  3588 | D:5      | Gained mutation: You have sharp fingernails. [potion of mutation]
  3588 | D:5      | Gained mutation: You expend magic power (3 MP) to strengthen your wands. [potion of mutation]
  3588 | D:5      | Gained mutation: You are resistant to electric shocks. (rElec) [potion of mutation]
  3588 | D:5      | Gained mutation: Your muscles are strong. (Str +2) [potion of mutation]
  3605 | D:5      | Found a basalt altar of Yredelemnul.
  3610 | D:5      | HP: 1/32 [poisoned by an orc]
  3617 | D:5      | HP: 1/32 [poisoned by an orc]
  3624 | D:5      | Succumbed to an orc's poison

Skill      XL: |  1  2  3  4  5 |
---------------+----------------+-----
Dodging        | 5 6 |  6.2
Stealth        | 4 5 |  5.6
Short Blades   | 4 |  4.6
Fighting       | 3 |  3.4

Action                   |  1- 3 |  4- 6 || total
-------------------------+-------+-------++-------
Melee: Short sword       |   136 |   177 ||   313
Invok: Heroism           |       |     1 ||     1
  Use: Potion            |     1 |     2 ||     3
 Stab: Sleeping          |     6 |     5 ||    11
  Eat: Ration            |       |     1 ||     1
Armor: Robe              |     7 |    10 ||    17
Dodge: Dodged            |   106 |   156 ||   262
